 Dungeon Crawl Stone Soup version 0.21.0-25-ge575cb9ce8 (webtiles) character file.

81 Andry07 the Skirmisher (level 4, -2/31 HPs)
             Began as a Gargoyle Fighter on Jan 23, 2018.
             Slain by Sigmund
             ... wielding a +1 scythe of freezing
              (4 damage)
             ... on level 2 of the Dungeon.
             The game lasted 00:01:30 (1106 turns).

Andry07 the Skirmisher (Gargoyle Fighter)           Turns: 1106, Time: 00:01:31

Health: -2/31      AC: 10    Str: 21    XL:     4   Next: 42%
Magic:  4/4        EV:  7    Int:  8    God:
Gold:   50         SH:  0    Dex:  9    Spells: 3/3 levels left

rFire    . . .     SeeInvis .   a - +0 flail
rCold    . . .     Gourm    .   c - +0 shield
rNeg     + . .     Faith    .   b - +0 scale mail
rPois    ∞         Spirit   .   (no helmet)
rElec    +         Reflect  .   (no cloak)
rCorr    .         Harm     .   (no gloves)
MR       .....                  (no boots)
Stlth    ..........             (no amulet)
HPRegen  0.10/turn              (no ring)
MPRegen  0.09/turn              (no ring)

@: confused
A: negative energy resistance 1, electricity resistance, unbreathing,
petrification resistance, rot immunity, AC +3
a: no special abilities


You were on level 2 of the Dungeon.
You were very hungry.

You visited 1 branch of the dungeon, and saw 2 of its levels.

You collected 50 gold pieces.

Inventory:

Hand Weapons
 a - a +0 flail (weapon)
Armour
 b - a +0 scale mail (worn)
 c - a +0 shield (worn)
Jewellery
 l - a +4 ring of protection {unknown}
Scrolls
 e - a scroll of magic mapping {unknown}
 i - a scroll of remove curse {unknown}
Potions
 d - a potion of might
 g - a potion of ambrosia {unknown}
 h - a potion of flight {unknown}
 j - a potion of degeneration {unknown}
 k - a potion of brilliance {unknown}
Comestibles
 f - 6 rations


   Skills:
 + Level 5.6 Fighting
 - Level 2.0 Maces & Flails
 - Level 3.2 Armour
 - Level 3.2 Shields


You had 3 spell levels left.
You didn't know any spells.

Dungeon Overview and Level Annotations

Branches:
Dungeon (2/15)

Altars:
Vehumet
Zin

Annotations:
D:2 Sigmund


Innate Abilities, Weirdness & Mutations

You are resistant to torment.
Your stone body is resilient. (AC +3)
You are immune to poison.
You resist negative energy. (rN+)
You are resistant to electric shocks. (rElec)
You can survive without breathing.
You are immune to petrification.
You are immune to rotting.


Message History

Sigmund is severely wounded.
Sigmund hits you but does no damage.
You hit Sigmund.
Sigmund is almost dead.
You block Sigmund's attack.
Your shield prevents you from hitting Sigmund.
Sigmund is almost dead.
You block Sigmund's attack.
You closely miss Sigmund.
Sigmund is almost dead.
Sigmund hits you but does no damage.
You closely miss Sigmund.
Sigmund is almost dead.
Sigmund gestures at you while chanting.
You are confused.
You bump into the rock wall.
Sigmund hits you with a scythe of freezing!
* * * LOW HITPOINT WARNING * * *
Sigmund freezes you.
You die...

#..# #.#
##.## #.#
#..# #.#
##.## #.#
#.)# #.#
##.## #.#
#..# #.#
##@# #.#
#@###.#
#..##.#
##.##.#
#.##.#
#.##.#
#..#.####
##......#
#...##.#
######
##..<#.#
#8.#A#


You could see Sigmund.

Vanquished Creatures
  Jessica (D:2)
  An adder (D:2)
  2 dart slugs (D:1)
  3 giant cockroaches (D:1)
  7 goblins
  3 hobgoblins
  6 jackals
  3 bats
  5 kobolds (D:1)
  9 rats
40 creatures vanquished.

Notes
Turn   | Place    | Note
-------+----------+-------------------------------------------
     0 | D:1      | Andry07 the Gargoyle Fighter began the quest for the Orb.
     0 | D:1      | Reached XP level 1. HP: 14/14 MP: 1/1
    99 | D:1      | Reached XP level 2. HP: 20/20 MP: 2/2
   127 | D:1      | Reached skill level 4 in Fighting
   249 | D:1      | Reached XP level 3. HP: 17/24 MP: 3/3
   676 | D:2      | Found a glowing silver altar of Zin.
   676 | D:2      | Noticed an angel
   735 | D:2      | Found a radiant altar of Vehumet.
   757 | D:2      | Noticed Jessica
   764 | D:2      | Reached skill level 5 in Fighting
   765 | D:2      | Noticed Sigmund
  1065 | D:2      | Killed Jessica
  1065 | D:2      | Reached XP level 4. HP: 26/31 MP: 4/4
  1106 | D:2      | Slain by Sigmund

Skill      XL: |  1  2  3 |
---------------+----------+-----
Fighting       | 4 5 |  5.6
Maces & Flails | |  2.0
Armour         | |  3.2
Shields        | |  3.2

Action                   |  1- 3 |  4- 6 || total
-------------------------+-------+-------++-------
Melee: Flail             |   156 |    12 ||   168
Armor: Scale mail        |    84 |     1 ||    85
Dodge: Dodged            |    56 |     4 ||    60
Block: Shield            |    96 |     3 ||    99
